 Dungeon Crawl Stone Soup version 0.18.1-48-g4cf74bf (webtiles) character file.

5157 CountDeLaPain the Blocker (level 10, 0/126 HPs)
             Began as a Minotaur Fighter on Aug 14, 2016.
             Was a Follower of Okawaru.
             Slain by a hippogriff (6 damage)
             ... on level 1 of the Lair of Beasts.
             The game lasted 00:28:22 (9534 turns).

CountDeLaPain the Blocker (Minotaur Fighter)        Turns: 9534, Time: 00:28:23

Health: 0/126      AC: 13    Str: 27    XL:     10   Next: 33%
Magic:  12/12      EV: 15    Int:  8    God:    Okawaru [*.....]
Gold:   415        SH: 13    Dex:  9    Spells: 0 memorised, 9 levels left

rFire  . . .     SeeInvis .     E - +2 flail (crush)
rCold  . . .     Gourm    .     b - +0 scale mail
rNeg   . . .     Faith    .     c - +1 shield
rPois  .         Spirit   .     g - +2 hat
rElec  .         Dismiss  .     q - +0 cloak
rCorr  .         Reflect  .     (no gloves)
SustAt .         Harm     .     B - +0 pair of boots
MR     .....                    m - amulet of rage
Stlth  ..........               P - +4 ring of evasion
                                (no ring)

@: berserking, very quick, not resistant to hostile enchantments, extremely
unstealthy
A: retaliatory headbutt, horns 2
a: Heroism, Renounce Religion, Evoke Berserk Rage


You were on level 1 of the Lair of Beasts.
You worshipped Okawaru.
Okawaru was aware of your devotion.
You were hungry.

You visited 3 branches of the dungeon, and saw 10 of its levels.
You also visited: Sewer.

You collected 415 gold pieces.

Inventory:

Hand Weapons
 a - a +0 war axe
 j - a +0 spear of freezing
 E - a +2 flail of crushing (weapon)
Armour
 b - a +0 scale mail (worn)
 c - a +1 shield (worn)
 g - a +2 hat (worn)
 q - a +0 cloak (worn)
 r - a +0 large shield
 t - the +2 pair of gloves of Greater Demons {rF+++ Regen+ Str+5 Dex-2}
   (You found it on level 4 of the Dungeon)

   It affects your strength (+5).
   It affects your dexterity (-2).
   It renders you almost immune to fire.
   It increases your rate of regeneration.
 B - a +0 pair of boots (worn)
Jewellery
 d - an uncursed amulet of guardian spirit
 m - an amulet of rage (around neck)
 J - an uncursed ring of loudness
 P - a +4 ring of evasion (right hand)
Wands
 y - a wand of flame (18/48)
 H - a wand of acid (1/15)
 K - a wand of lightning (9/15)
Scrolls
 h - 3 scrolls of remove curse
 n - 2 scrolls of magic mapping {unknown}
 o - a scroll of teleportation {unknown}
 s - 3 scrolls of fear {unknown}
 v - 7 scrolls of recharging {unknown}
 w - a scroll of blinking {unknown}
 z - a scroll of enchant weapon {unknown}
 A - a scroll of noise {unknown}
 C - 4 scrolls of identify
 F - 2 scrolls of vulnerability {unknown}
 I - a scroll of amnesia {unknown}
 O - a scroll of random uselessness {unknown}
Potions
 e - 3 potions of ambrosia
 i - a potion of degeneration {unknown}
 l - 5 potions of curing
 p - 2 potions of heal wounds {unknown}
 u - 3 potions of brilliance
 x - a potion of lignification {unknown}
 L - a potion of agility {unknown}
 N - a potion of might
Books
 G - a book of Power

   Spells                             Type                      Level
   a - Fulminant Prism                Conjuration/Hexes            4
   b - Iskenderun's Mystic Blast      Conjuration                  4
   c - Venom Bolt                     Conjuration/Poison           5
   d - Bolt of Magma                  Conjuration/Fire/Earth       5
   e - Iron Shot                      Conjuration/Earth            6
   f - Orb of Destruction             Conjuration                  7
   g - Spellforged Servitor           Conjuration/Summoning        7
Comestibles
 f - 5 bread rations
 k - 3 meat rations
 D - a royal jelly


   Skills:
 + Level 6.8 Fighting
 + Level 3.1(4.8) Axes
 + Level 3.5(4.1) Maces & Flails
 + Level 4.1(4.6) Polearms
 + Level 9.0 Armour
 + Level 6.8 Dodging
 + Level 10.1 Shields
 * Level 1.1 Invocations
 * Level 5.1 Evocations


You had 9 spell levels left.
You didn't know any spells.

Dungeon Overview and Level Annotations

Branches:
Dungeon (8/15)             Temple (1/1) D:7            Lair (1/8) D:8

Altars:
Ashenzari
Cheibriados
Dithmenos
Elyvilon
Fedhas
Gozag
Kikubaaqudgha
Makhleb
Nemelex Xobeh
Okawaru
Pakellas
Qazlal
Ru
Sif Muna
Trog
Vehumet
Xom
Yredelemnul
Zin
The Shining One

Shops:
D:4 *?=[


Innate Abilities, Weirdness & Mutations

You reflexively headbutt those who attack you in melee.
You have a pair of horns on your head.


Message History

The yak gores you but does no damage. The yak completely misses you.
You furiously retaliate!
You headbutt the yak!
You kill the yak!
Okawaru accepts your kill.
You closely miss the yak.
The yak is heavily wounded.
The hippogriff barely misses you. The hippogriff pecks you.
* * * LOW HITPOINT WARNING * * *
You block the hippogriff's attack. You block the yak's attack.
You thump the yak!
The yak is severely wounded.
The hippogriff barely misses you. You furiously retaliate!
You headbutt the hippogriff. You block the hippogriff's attack.
The hippogriff claws you but does no damage.
The yak gores you.
* * * LOW HITPOINT WARNING * * *
You hit the yak.
The yak is almost dead.
The hippogriff closely misses you. The hippogriff pecks you.
You die...

#.......#
##.....##
#P....# ###..##
#P.## #...#
##...##
#.....##
#...@..#
#....YH...#
#....#......#
#.....#........
#....##.......#
P...# #........
##.. #..../...
## .........


You could see a yak and a hippogriff.

Vanquished Creatures
  The ghost of smips the Basher, a novice GrBe of Trog (D:7)
  A spiny frog (Lair:1)
  Joseph (D:8)
  A komodo dragon (D:8)
  2 yaks (Lair:1)
  Eustachio (D:4)
  An orc warrior (D:6)
  Duvessa (D:5)
  3 necrophages (D:8)
  A phantom (D:6)
  7 ogres
  A crocodile (D:8)
  A centaur (D:8)
  3 giant frogs
  4 big kobolds (Sewer)
  Dowan (D:5)
  4 scorpions
  A wight (D:4)
  3 crimson imps
  A howler monkey (D:4)
  A jelly (D:7)
  A quasit (D:6)
  An iron imp (D:5)
  A giant frog zombie (D:5)
  A hound (D:4)
  6 orc priests
  4 orc wizards
  Crazy Yiuf (D:4)
  2 giant frog skeletons
  3 centaur skeletons
  7 worker ants
  An iguana (D:7)
  A hound skeleton (D:5)
  14 adders
  4 river rats (Sewer)
  A shadow imp (D:5)
  2 oozes
  An adder skeleton (D:7)
  6 worms
  2 dart slugs
  7 giant geckos
  29 orcs
  6 giant cockroaches
  4 goblins
  2 hobgoblins (D:1)
  14 jackals
  2 quokkas
  6 ball pythons
  4 bats
  4 giant newts
  A jackal skeleton (D:8)
  7 kobolds
  12 rats
197 creatures vanquished.

Vanquished Creatures (others)
  14 plants (D:8)
14 creatures vanquished.

Grand Total: 211 creatures vanquished

Notes
Turn   | Place    | Note
--------------------------------------------------------------
     0 | D:1      | CountDeLaPain the Minotaur Fighter began the quest for the Orb.
     0 | D:1      | Reached XP level 1. HP: 19/19 MP: 0/0
   298 | D:1      | Reached XP level 2. HP: 27/27 MP: 1/1
  1095 | D:2      | Reached skill level 4 in Shields
  1095 | D:2      | Reached XP level 3. HP: 29/33 MP: 2/2
  1726 | D:3      | Found a shadowy altar of Dithmenos.
  1854 | D:4      | Reached skill level 1 in Dodging
  1854 | D:4      | Reached XP level 4. HP: 41/41 MP: 3/3
  1878 | D:4      | Reached XP level 5. HP: 47/47 MP: 4/4
  1897 | D:4      | Found Kusmu's General Store.
  1924 | D:4      | Found Taob's Magic Scroll Emporium.
  1928 | D:4      | Reached skill level 5 in Armour
  1993 | D:4      | Reached skill level 5 in Shields
  1998 | D:4      | Got a pair of polished gloves
  2004 | D:4      | Identified the +2 pair of gloves of Greater Demons {rF+++ Regen+ Str+5 Dex-2} (You found it on level 4 of the Dungeon)
  2038 | D:4      | Noticed Eustachio
  2060 | D:4      | Reached skill level 1 in Polearms
  2062 | D:4      | Killed Eustachio
  2062 | D:4      | Reached XP level 6. HP: 49/53 MP: 5/5
  2103 | D:4      | Found a glowing drain.
  2123 | Sewer    | Entered a sewer
  2259 | Sewer    | Reached skill level 6 in Shields
  2455 | Sewer    | Reached skill level 5 in Fighting
  2455 | Sewer    | Reached XP level 7. HP: 61/61 MP: 6/6
  2886 | D:4      | Found Hiennaen's Armour Shop.
  2925 | D:4      | Found a glowing silver altar of Zin.
  2997 | D:4      | Reached skill level 7 in Shields
  3165 | D:4      | Found Fowiock's Jewellery Shop.
  3322 | D:4      | Noticed Crazy Yiuf
  3330 | D:4      | Killed Crazy Yiuf
  3560 | D:3      | Found a deep blue altar of Sif Muna.
  4044 | D:3      | Reached XP level 8. HP: 68/69 MP: 7/7
  4216 | D:5      | Entered Level 5 of the Dungeon
  4285 | D:5      | Reached skill level 1 in Evocations
  4382 | D:5      | Noticed Duvessa
  4417 | D:5      | Noticed Dowan
  4418 | D:5      | Killed Duvessa
  4425 | D:5      | Killed Dowan
  4587 | D:5      | Found a snail-covered altar of Cheibriados.
  4868 | D:5      | Reached skill level 8 in Shields
  4878 | D:5      | Found a shimmering altar of Xom.
  5006 | D:5      | Reached skill level 5 in Dodging
  5679 | D:6      | Reached XP level 9. HP: 75/75 MP: 10/10
  6234 | D:7      | Noticed smips's ghost (novice GrBe)
  6632 | D:6      | Reached skill level 9 in Shields
  6880 | D:7      | HP: 3/75 [smips's ghost (11)]
  7309 | D:7      | Reached skill level 1 in Maces & Flails
  7661 | D:7      | Found a staircase to the Ecumenical Temple.
  7681 | D:7      | Killed smips's ghost
  7733 | Temple   | Entered the Ecumenical Temple
  7986 | Temple   | Became a worshipper of Warmaster Okawaru
  8239 | D:8      | Found a stormy altar of Qazlal.
  8669 | D:8      | Found an opulent altar of Gozag.
  8779 | D:8      | Noticed a komodo dragon
  8781 | D:8      | Reached XP level 10. HP: 82/84 MP: 12/12
  8894 | D:8      | Found a staircase to the Lair.
  8906 | Lair:1   | Entered Level 1 of the Lair of Beasts
  8946 | Lair:1   | Noticed a spiny frog
  8953 | Lair:1   | Killed a spiny frog
  8953 | Lair:1   | Reached * piety under Okawaru
  9047 | D:8      | Found a burning altar of Makhleb.
  9138 | D:8      | Noticed Joseph
  9155 | D:8      | Killed Joseph
  9155 | D:8      | Reached skill level 10 in Shields
  9155 | D:8      | Reached skill level 5 in Evocations
  9287 | D:8      | Found a sparkling altar of Nemelex Xobeh.
  9520 | Lair:1   | Reached skill level 1 in Invocations
  9533 | Lair:1   | HP: 6/126 [yak (5)]
  9534 | Lair:1   | Slain by a hippogriff

Skill      XL: |  1  2  3  4  5  6  7  8  9 10 |
---------------+-------------------------------+-----
Armour         | 4 5 6 7 8 9 |  9.0
Fighting       | 4 5 6 |  6.8
Shields        | 4 5 6 7 8 9 10 | 10.1
Dodging        | 1 2 3 4 5 6 |  6.8
Axes           | 3 |  3.1
Polearms       | 1 2 3 4 |  4.1
Evocations     | 2 4 5 |  5.1
Maces & Flails | 2 3 |  3.5
Invocations    | 1 |  1.1

Action                   |  1- 3 |  4- 6 |  7- 9 | 10-12 || total
-------------------------+-------+-------+-------+-------++-------
Melee: War axe           |    17 |       |       |       ||    17
       Spear             |    71 |   120 |   366 |       ||   557
       Headbutt          |     7 |    14 |    98 |    12 ||   131
       Flail             |       |       |   186 |    54 ||   240
Invok: Heroism           |       |       |       |     1 ||     1
 Abil: Evoke Berserk Rag |       |       |     9 |     2 ||    11
Evoke: Wand              |       |       |     1 |       ||     1
  Use: Scroll            |     2 |     1 |     5 |       ||     8
       Potion            |       |     2 |     2 |       ||     4
  Eat: Chunk             |     3 |     2 |    26 |     2 ||    33
       Pizza             |       |       |     1 |       ||     1
       Beef jerky        |       |       |       |     1 ||     1
Armor: Scale mail        |    40 |    36 |   154 |    17 ||   247
Dodge: Dodged            |    32 |    37 |   163 |    39 ||   271
Block: Shield            |    48 |    72 |   285 |    45 ||   450
